 Dungeon Crawl Stone Soup version 0.28.0 (webtiles) character file.

Game seed: 8406651963927771427

79 unlimited1921 the Skirmisher (level 4, -3/50 HPs)
             Began as an Ogre Berserker on Feb 13, 2022.
             Was a Believer of Trog.
             Slain by a gnoll (9 damage)
             ... on level 2 of the Dungeon.
             The game lasted 00:06:11 (2575 turns).

unlimited1921 the Skirmisher (Ogre Berserker)       Turns: 2575, Time: 00:06:11

Health: -3/50      AC:  3    Str: 21    XL:     4   Next: 38%
Magic:  4/4        EV: 10    Int:  8    God:    Trog [**....]
Gold:   80         SH:  0    Dex: 10    Spells: 3/3 levels left

rFire   . . .      SeeInvis .   g - +0 war axe
rCold   . . .      Faith    .   (no shield)
rNeg    . . .      Spirit   .   b - +0 animal skin
rPois   .          Reflect  .   (helmet restricted)
rElec   .          Harm     .   (no cloak)
rCorr   .          Rampage  .   (gloves unavailable)
Will    .....                   (boots unavailable)
Stlth   +.........              (no amulet)
HPRegen 0.16/turn               (no ring)
MPRegen 0.09/turn               (no ring)

@: on berserk cooldown, slowed, very slow
A: large, unfitting armour, tough skin 1
a: Renounce Religion, Berserk, Trog's Hand


You were on level 2 of the Dungeon.
You worshipped Trog.
Trog was pleased with you.
You visited 1 branch of the dungeon, and saw 2 of its levels.

You collected 80 gold pieces.

Inventory:

Hand Weapons
 a - a +0 hand axe
 f - a +0 hunting sling
 g - a +0 war axe (weapon)
Missiles
 h - 6 atropa-tipped darts (quivered)
Armour
 b - a +0 animal skin (worn)
Scrolls
 c - 2 scrolls of enchant armour {unknown}
Potions
 d - 2 potions of heal wounds {unknown}
 e - a potion of curing {unknown}
 i - a potion of invisibility {unknown}
 j - 2 potions of degeneration {unknown}


   Skills:
 * Level 5.0 Fighting
 + Level 3.8 Axes
 * Level 3.3 Dodging
 + Level 0.4 Stealth


You had 3 spell levels left.
You didn't know any spells.
Your spell library contained the following spells:

 Spells                   Type           Power      Damage    Failure   Level
 Conjure Flame            Conj/Fire      0%         6-21      78%         3
 Ignite Poison            Fire/Tmut/Pois 0%         N/A       78%         3
 Sticky Flame             Conj/Fire      0%         2d3       99%         4


Dungeon Overview and Level Annotations

Branches:
Dungeon (2/15)

Altars:

Annotations:
D:2 Natasha


Innate Abilities, Weirdness & Mutations

You are too large for most types of armour.
You have tough skin. (AC +1)


Message History

You barely miss the goblin. The goblin hits you with a +0 club.
You barely miss the gnoll. You slash the goblin!
You kill the goblin!
Trog accepts your kill.
You are no longer berserk.
You are exhausted.
You feel yourself slow down. The gnoll hits you with a +0 flail!
You slash the gnoll!
The gnoll is severely wounded.
The gnoll barely misses you. The gnoll completely misses you.
You closely miss the gnoll.
The gnoll is severely wounded.
The gnoll hits you with a +0 flail. x2
Items here: )))))) †††.
The gnoll hits you with a +0 flail!
* * * LOW HITPOINT WARNING * * *
You don't know any spells.
Your skin crawls.
You feel strong-willed. The gnoll barely misses you.
The gnoll hits you with a +0 flail.
* * * LOW HITPOINT WARNING * * *
You feel the effects of Trog's Hand fading.
The gnoll hits you with a +0 flail!
* * * LOW HITPOINT WARNING * * *
The gnoll barely misses you.
You are too injured to fight recklessly!
Your skin stops crawling.
You feel less strong-willed. The gnoll hits you with a +0 flail.
* * * LOW HITPOINT WARNING * * *
There is a stone staircase leading down here.
The gnoll closely misses you.
Natasha, Servant of Life and Death comes into view.
Natasha hisses angrily.
Natasha stares at you and mumbles some strange words.
The magic dart hits you!
* * * LOW HITPOINT WARNING * * *
The gnoll barely misses you. The gnoll hits you with a +0 flail!
You die...

#..#........#.#######.#
#......
#..#........#.........#
###.###
#..#........#.#######.# #.#
#..#........#.....# #.# #.#
#..#######'##..##.# #.#
##### #..............##.#
#.# ##≈
#.####....##...##.###.# ≈≈≈
#.......#.###..##..##.#####
#≈ #######.#.#
#.@...#.......# # #.#.#
#g##..##..##### #
#.#.###.###.#.###
#.#....h..>..## ####
#.#####.####.# #... #.# #.#
#.#### .... #.# #....# #.##
#.# ##.###.# #.# #.##


You could see Natasha and a gnoll.

Vanquished Creatures
  Robin (D:2)
  An adder (D:2)
  4 dart slugs (D:1)
  3 endoplasms (D:1)
  4 giant cockroaches (D:1)
  11 goblins
  4 hobgoblins
  3 kobolds (D:1)
  A quokka (D:1)
  7 ball pythons
  4 bats (D:1)
  A frilled lizard (D:1)
  3 rats
47 creatures vanquished.

Notes
Turn   | Place    | Note
-------+----------+-------------------------------------------
     0 | D:1      | unlimited1921 the Ogre Berserker began the quest for the
                  | Orb.
     0 | D:1      | Reached XP level 1. HP: 24/24 MP: 1/1
   167 | D:1      | Reached XP level 2. HP: 28/32 MP: 2/2
  1052 | D:1      | Reached XP level 3. HP: 36/40 MP: 3/3
  1209 | D:1      | Found a faded altar of an unknown god.
  1781 | D:1      | Reached ** piety under Trog
  2539 | D:2      | Reached XP level 4. HP: 46/49 MP: 4/4
  2540 | D:2      | Noticed Robin
  2554 | D:2      | Killed Robin
  2555 | D:2      | Reached skill level 5 in Fighting
  2572 | D:2      | Noticed Natasha
  2575 | D:2      | Slain by a gnoll

Illustrated notes

Levels and vault maps discovered:
D:1:      nzn_arrival_depleted_hourglass, layout_basic,
          chequers_ecumenical_altar_island, minmay_misc_feat_more_columns
D:2:      layout_loops_ring, minivault_25, chequers_serial_rivers_large_a,
          uniq_robin, uniq_natasha

Skill      XL: |  1  2  3  4 |
---------------+-------------+-----
Dodging        | 3 |  3.3
Fighting       | 5 |  5.0
Axes           | |  3.8
Stealth        | |  0.4

Action                   |  1- 3 |  4- 6 || total
-------------------------+-------+-------++-------
Melee: Hand axe          |   105 |       ||   105
       Punch             |     2 |     1 ||     3
       War axe           |    13 |    17 ||    30
Invok: Berserk           |     2 |     1 ||     3
       Trog's Hand       |       |     1 ||     1
Armor: Animal skin       |    37 |     1 ||    38
Dodge: Dodged            |    61 |    13 ||    74
